 Dungeon Crawl Stone Soup version 0.27-a0-1202-ge72e49191c (webtiles) character file.

Game seed: 13940213902824525149

2730 reriks the Blocker (level 9, -13/72 HPs)
             Began as a Formicid Fighter on June 2, 2021.
             Was an Initiate of Qazlal.
             Killed from afar by Maggie (21 damage)
             ... with a bolt of fire
             ... on level 8 of the Dungeon.
             The game lasted 00:14:16 (8170 turns).

reriks the Blocker (Formicid Fighter)               Turns: 8170, Time: 00:14:17

Health: -13/72     AC: 14    Str: 24    XL:     9   Next: 99%
Magic:  9/9        EV: 11    Int:  8    God:    Qazlal [......]
Gold:   335        SH: 16    Dex: 10    Spells: 8/8 levels left

rFire    . . .     SeeInvis +   G - +1 great sword
rCold    . . .     Faith    .   c - +0 kite shield
rNeg     . . .     Spirit   .   r - +0 plate armour
rPois    +         Reflect  +   (helmet unavailable)
rElec    .         Harm     .   (no cloak)
rCorr    .         Rampage  .   f - +0 pair of gloves
Will     .....                  (no boots)
Stlth    ..........             d - amulet of reflection
HPRegen  0.22/turn              k - +4 ring of evasion
MPRegen  0.11/turn              h - ring of poison resistance

@: mesmerised
A: permanent stasis, dig shafts and tunnels, antennae 3, four strong arms
a: Dig, Shaft Self, Renounce Religion


You were on level 8 of the Dungeon.
You worshipped Qazlal.
Qazlal was noncommittal.
You visited 2 branches of the dungeon, and saw 9 of its levels.

You collected 335 gold pieces.

Inventory:

Hand Weapons
 a - a +0 long sword
 e - a +4 falchion
 B - the +10 whip "Wyngofri" {vorpal, Will- Str+4 Dex+4}
   (You found it on level 6 of the Dungeon)

   It inflicts extra damage upon your enemies.
   It affects your strength (+4).
   It affects your dexterity (+4).
   It decreases your willpower.
 G - a +1 great sword (weapon)
Missiles
 n - 2 throwing nets
Armour
 b - a +0 scale mail
 c - a +0 kite shield (worn)
 f - a +0 pair of gloves (worn)
 r - a +0 plate armour (worn)
Jewellery
 d - an amulet of reflection (around neck)
 h - a ring of poison resistance (right hand)
 k - a +4 ring of evasion (left hand)
 o - an amulet of faith
 t - an amulet of guardian spirit
Wands
 j - a wand of flame (28)
Scrolls
 i - 4 scrolls of teleportation
 s - 2 scrolls of fear
 D - 3 scrolls of immolation
Potions
 g - 8 potions of curing
 l - 2 potions of degeneration
 m - a potion of heal wounds {unknown}
 p - a potion of invisibility {unknown}
 q - 2 potions of might
 w - a potion of resistance {unknown}
 x - 3 potions of attraction
 z - 2 potions of magic {unknown}
 A - a potion of flight {unknown}
 C - 3 potions of ambrosia
 E - a potion of haste
 F - a potion of mutation {unknown}


   Skills:
 + Level 7.5 Fighting
 + Level 6.4 Long Blades
 - Level 2.6 Maces & Flails
 + Level 7.5 Armour
 + Level 1.6 Dodging
 + Level 8.2 Shields
 + Level 1.1 Invocations


You had 8 spell levels left.
You didn't know any spells.
Your spell library contained the following spells:

 Spells                   Type           Power      Damage    Failure   Level
 Beastly Appendage        Tmut           0%         N/A       100%        1
 Corona                   Hex            0%         N/A       100%        1
 Ensorcelled Hibernation  Hex/Ice        0%         N/A       100%        2
 Wereblood                Tmut           0%         N/A       100%        2
 Confusing Touch          Hex            0%         N/A       100%        3
 Dazzling Flash           Conj/Hex       0%         N/A       100%        3
 Spider Form              Tmut/Pois      0%         N/A       100%        3
 Tukima's Dance           Hex            0%         N/A       100%        3
 Ice Form                 Ice/Tmut       0%         N/A       100%        4
 Hydra Form               Tmut           0%         N/A       100%        5


Dungeon Overview and Level Annotations

Branches:
Dungeon (8/15)             Temple (1/1) D:7
   Lair: D:8-11

Altars:
Ashenzari
Elyvilon
Fedhas
Nemelex Xobeh
Qazlal
Sif Muna
Trog
Uskayaw
Vehumet
Wu Jian
Xom
The Shining One

Annotations:
D:6 2 transporters, Orlauf's ghost, novice DsGl
D:8 Maggie


Innate Abilities, Weirdness & Mutations

You cannot be hasted, slowed, berserked, paralysed or teleported.
You can dig through walls and to a lower floor.
You have a pair of large antennae on your head. (SInv)
Your four strong arms can wield two-handed weapons with a shield.


Message History

You slash Maggie!
Maggie is severely wounded.
Maggie hits you with a +0 morningstar. Maggie closely misses you.
You riposte.
You closely miss Maggie.
Maggie is severely wounded.
You closely miss Maggie.
Maggie is severely wounded.
Maggie hits you with a +0 morningstar.
You hit Maggie but do no damage.
Maggie is severely wounded.
Maggie hits you with a +0 morningstar.
You closely miss Maggie.
Maggie is severely wounded.
You break out of your daze.
Maggie gestures at you while chanting. The bolt of fire hits you!!
You block Maggie's attack.
You hit Maggie but do no damage.
Maggie is severely wounded.
Maggie misses you.
You riposte.
You slash Maggie!
Maggie is severely wounded.
You barely miss Maggie.
Maggie is severely wounded.
Maggie casts a spell.
Maggie attempts to bespell you!
You are mesmerised by Maggie!
Maggie hits you with a +0 morningstar!
You slash Maggie!
Maggie is almost dead.
Maggie barely misses you.
You hit Maggie but do no damage.
Maggie is almost dead.
Maggie hits you but does no damage.
You hit Maggie but do no damage.
Maggie is almost dead.
Maggie casts a spell at you. The bolt of fire hits you!!
* * * LOW HITPOINT WARNING * * *
Maggie gestures at you while chanting. The bolt of fire hits you!!
You die...

#.##+###...............
#.##.###...............
..##...................
####..##...[...#.......
#...........#.......
#####........#.##.......
............#...#.......
#....@##.......#.......
#@##@....#...........
#.#..#...#####....#####
#...............###
#......#...#....#
#.......#........#
#....#.##.#.#....#
#...#.. #.......##
#...... #.......#
#...#.............


You could see Maggie (mesmerising).

Vanquished Creatures
  2 steam dragons (D:8)
  2 black bears
  2 orc warriors
  An ice beast (D:5)
  A necrophage (D:5)
  An ogre (D:7)
  A phantom (D:6)
  A gnoll sergeant (D:8)
  2 bullfrogs (D:7)
  2 scorpions
  6 wights (D:7)
  5 howler monkeys
  A centaur zombie (D:6)
  4 hounds
  2 gnoll shamans
  2 orc priests
  A centaur skeleton (D:7)
  4 jellies
  2 bullfrog skeletons (D:6)
  An iguana (D:5)
  5 orc wizards
  2 hound skeletons (D:4)
  17 gnolls
  2 howler monkey skeletons
  6 adders
  A shadow imp (D:5)
  A white imp (D:7)
  2 ufetubi
  A worm (D:2)
  4 dart slugs
  17 orcs
  4 ball pythons
  6 bats
  4 endoplasms (D:1)
  7 hobgoblins
  10 jackals
  2 quokkas
  2 frilled lizards
  3 goblins
  2 kobolds
  6 rats
147 creatures vanquished.

Notes
Turn   | Place    | Note
-------+----------+-------------------------------------------
     0 | D:1      | reriks the Formicid Fighter began the quest for the Orb.
     0 | D:1      | Reached XP level 1. HP: 18/18 MP: 1/1
   218 | D:1      | Reached XP level 2. HP: 21/24 MP: 2/2
   377 | D:1      | Found a faded altar of an unknown god.
   731 | D:1      | Reached skill level 4 in Shields
   766 | D:1      | Reached XP level 3. HP: 29/29 MP: 3/3
   993 | D:2      | Found a glowing golden altar of the Shining One.
  1520 | D:2      | Reached XP level 4. HP: 33/37 MP: 4/4
  2339 | D:4      | Reached XP level 5. HP: 42/42 MP: 5/5
  2896 | D:3      | Reached XP level 6. HP: 47/49 MP: 6/6
  3127 | D:3      | Reached skill level 5 in Shields
  3729 | D:5      | Entered Level 5 of the Dungeon
  3734 | D:5      | Reached XP level 7. HP: 54/55 MP: 7/7
  3741 | D:5      | Reached skill level 5 in Fighting
  3741 | D:5      | Reached skill level 5 in Armour
  4057 | D:5      | Reached skill level 6 in Shields
  4076 | D:4      | Reached XP level 8. HP: 63/63 MP: 8/8
  4568 | D:6      | Found a transporter.
  5080 | D:5      | Reached skill level 5 in Long Blades
  5633 | D:6      | Reached skill level 7 in Shields
  5765 | D:6      | Identified the +10 whip "Wyngofri" {vorpal, Will- Str+4
                  | Dex+4}
  5826 | D:6      | Found a transporter.
  5826 | D:6      | Noticed a basilisk
  5827 | D:6      | Noticed Orlauf's ghost (novice DsGl)
  5832 | D:6      | Noticed a cyclops
  5884 | D:6      | Reached XP level 9. HP: 71/71 MP: 9/9
  5887 | D:6      | Reached skill level 1 in Maces & Flails
  5899 | D:6      | Found a hide-covered altar of Uskayaw.
  7243 | D:7      | Found a staircase to the Ecumenical Temple.
  7280 | Temple   | Entered the Ecumenical Temple
  7355 | Temple   | Became a worshipper of Qazlal Stormbringer
  7694 | D:8      | Reached skill level 8 in Shields
  7760 | D:8      | Reached skill level 1 in Dodging
  8095 | D:8      | Reached skill level 1 in Invocations
  8151 | D:8      | Noticed Maggie
  8170 | D:8      | Killed from afar by Maggie

Illustrated notes

Levels and vault maps discovered:
D:1:      mushboom_english_gardens, layout_loops_ring,
          shapermc_ecumenical_altar_venn
D:2:      layout_rooms, basic_altar
D:3:      wander_river, layout_rooms, nrook_uturn
D:4:      layout_rooms, minivault_24
D:5:      layout_rooms
D:6:      layout_cave_pods, eat_drink_and_be_merry_uskayaw,
          gammafunk_ghost_arena
D:7:      layout_basic, minmay_temple_entry_butterflies
D:8:      layout_basic, hangedman_decor_lopped, uniq_maggie
Temple:   minmay_crystal_snake_temple

Skill      XL: |  1  2  3  4  5  6  7  8  9 |
---------------+----------------------------+-----
Shields        | 4 5 6 7 8 |  8.2
Fighting       | 4 5 6 7 |  7.5
Armour         | 4 5 6 7 |  7.5
Long Blades    | 3 4 5 6 |  6.4
Maces & Flails | 2 |  2.6
Dodging        | 1 |  1.6
Invocations    | 1 |  1.1

Action                   |  1- 3 |  4- 6 |  7- 9 || total
-------------------------+-------+-------+-------++-------
Melee: Long sword        |    91 |   187 |   140 ||   418
       Falchion          |       |       |    35 ||    35
       Whip              |       |       |    96 ||    96
       Great sword       |       |       |    88 ||    88
Evoke: Wand              |       |       |     3 ||     3
  Use: Potion            |     1 |       |       ||     1
       Scroll            |       |       |    13 ||    13
Armor: Scale mail        |    45 |    26 |       ||    71
       Plate armour      |       |    71 |   116 ||   187
Dodge: Dodged            |    35 |    41 |   103 ||   179
Block: Kite shield       |    43 |   112 |   296 ||   451
       Reflection        |       |       |     3 ||     3
       Rpst.: Long sword |    10 |    14 |    18 ||    42
       Falchion          |       |       |     1 ||     1
       Great sword       |       |       |    10 ||    10

Table legend: (Time is in decaauts)
 A = Elapsed time spent in this place.
 B = Non-inter-level travel time spent in this place.
 C = Inter-level travel time spent in this place.
 D = Time resting spent in this place.
 E = Time spent auto-exploring this place.
 F = Levels seen in this place.
 G = Mean time per level.
                   A        B        C        D        E       F      G
               +--------+--------+--------+--------+--------+-----+--------+
         Total |   8402 |   7988 |    414 |   2250 |   3865 |   9 |  933.6 |
       Dungeon |   8288 |   7911 |    377 |   2250 |   3800 |   8 | 1036.0 |
        Temple |    113 |     76 |     37 |      0 |     65 |   1 |  113.0 |
               +--------+--------+--------+--------+--------+-----+--------+

Top non-repeatable levels by time:
     D:7: 1526 daAuts
     D:2: 1356 daAuts
     D:4: 1072 daAuts
     D:5: 1053 daAuts
     D:6: 959 daAuts
     D:1: 953 daAuts
     D:3: 849 daAuts
     D:8: 516 daAuts
  Temple: 113 daAuts
